 Dungeon Crawl Stone Soup version 0.27.1-34-g3ba077fa99 (webtiles) character file.

Game seed: 11144326111455702337

69 MisterFreud the Stinger (level 4, -9/27 HPs)
             Began as an Octopode Venom Mage on Jan 3, 2022.
             Was a Follower of Sif Muna.
             Mangled by a gnoll (13 damage)
             ... on level 2 of the Dungeon.
             The game lasted 00:02:27 (2548 turns).

MisterFreud the Stinger (Octopode Venom Mage)       Turns: 2548, Time: 00:02:28

Health: -9/27      AC:  1    Str:  7    XL:     4   Next: 20%
Magic:  6/8        EV: 13    Int: 18    God:    Sif Muna [*.....]
Gold:   63         SH:  0    Dex: 12    Spells: 8/9 levels left

rFire    . . .     SeeInvis .   a - +0 short sword
rCold    . . .     Faith    .   (no shield)
rNeg     . . .     Spirit   .   (helmet restricted)
rPois    .         Reflect  .   (no amulet)
rElec    .         Harm     .   (no ring)
rCorr    .         Rampage  .   (no ring)
Will     .....                  (no ring)
Stlth    +++.......             (no ring)
HPRegen  0.09/turn              (no ring)
MPRegen  0.11/turn              (no ring)
                                (no ring)
                                (no ring)

@: lethally poisoned (-9 -> -26), very slightly contaminated
A: almost no armour, amphibious, 8 rings, camouflage 1, gelatinous body 1,
(nimble swimmer 1), tentacles
a: Renounce Religion, Channel Magic


You were on level 2 of the Dungeon.
You worshipped Sif Muna.
Sif Muna was aware of your devotion.
You visited 1 branch of the dungeon, and saw 2 of its levels.

You collected 63 gold pieces.

Inventory:

Hand Weapons
 a - a +0 short sword (weapon)
Scrolls
 b - 2 scrolls of magic mapping {unknown}
 c - a scroll of identify {unknown}


   Skills:
 - Level 2.0 Dodging
 - Level 2.6 Stealth
 + Level 3.1 Spellcasting
 - Level 1.0 Transmutations
 - Level 5.0 Poison Magic


You had 8 spell levels left.
You knew the following spells:

 Your Spells              Type           Power      Damage    Failure   Level
a - Sting                 Tmut/Pois      52%        1d5       4%          1

Your spell library contained the following spells:

 Spells                   Type           Power      Damage    Failure   Level
 Poisonous Vapours        Pois/Air       22%        N/A       9%          2
 Magic Dart               Conj           8%         1d3       16%         1
 Olgreb's Toxic Radiance  Pois           20%        N/A       21%         4
 Call Imp                 Summ           2%         N/A       24%         2
 Mephitic Cloud           Conj/Pois/Air  8%         N/A       24%         3


Dungeon Overview and Level Annotations

Branches:
Dungeon (2/15)

Altars:
Sif Muna
The Shining One

Shops:
D:2 [


Innate Abilities, Weirdness & Mutations

You cannot wear most types of armour.
You are amphibious.
You can wear up to eight rings at the same time.
Your skin changes colour to match your surroundings (Stealth+).
Your rubbery body absorbs attacks. (AC +1, EV +1)
((You are camouflaged near water. (Stealth+)))
You have tentacles for arms and can constrict up to eight enemies at once.


Message History

A ball python comes into view.
A ball python is nearby! 2 gnolls come into view.
A gnoll is wielding a +3 spear of venom.
The gnoll shouts! x2; The ball python hisses angrily. 2 gnolls come into view.
The gnoll shouts!
The gnoll moves out of view.
The ball python bites you. The ball python grabs you.
The ball python constricts you.
You escape the ball python's grasp.
Casting: Sting (safe; 4% risk of failure)
Confirm with . or Enter, or press ? or * to list all spells.
Aiming: Sting (safe; 4% risk of failure)
Press: ? - help, Shift-Dir - straight line, f - ball python
Aim: a ball python (68% to hit)
You miscast Sting.
You are very lightly contaminated with residual magic.
Nothing appears to happen.
The ball python misses you. The ball python grabs you.
The ball python constricts you.
You closely miss the ball python. You grab the ball python.
You squeeze the ball python.
You kill the ball python!
Sif Muna accepts your kill.
Casting: Sting (safe; 4% risk of failure)
Confirm with . or Enter, or press ? or * to list all spells.
Aiming: Sting (safe; 4% risk of failure)
Press: ? - help, Shift-Dir - straight line, f - gnoll
Aim: a gnoll, wielding a +0 flail (75% to hit)
The sting hits the gnoll.
The gnoll is poisoned.
The gnoll is moderately wounded.
The gnoll hits you with a +0 flail!
You barely miss the gnoll. You grab the gnoll.
The gnoll is heavily wounded.
You constrict the gnoll.
The gnoll hits you from afar with a +3 spear of venom!
* * * LOW HITPOINT WARNING * * *
You are lethally poisoned!
The gnoll hits you with a +0 flail!
You die...

#...................# #.......
#.##.###............####......
#.#.................'.........
#.###############...####..###.
#.#.......# #...# ##.# #.
#.#.......##### #...# #.# #.
#.'...........# #...# #.# #.
###....[..###.# #...#####.###.
#.........#@# #...##......#.
#.........#g# #...##.#..#.#.
#######...#g# ######.#.(..#.
#...#g# #.#....#.
#...#.########.#....##
#...#........#.#..#.##
#...#........#.#..#..#
#...#........#.#..#..#
#.................#...


You could see 3 gnolls.

Vanquished Creatures
  An iguana (D:2)
  An adder (D:2)
  A worm (D:2)
  A dart slug (D:2)
  4 endoplasms
  A giant cockroach (D:1)
  A goblin (D:1)
  5 quokkas
  2 ball pythons
  6 bats
  4 frilled lizards
  3 kobolds
  A rat (D:1)
31 creatures vanquished.

Notes
Turn   | Place    | Note
-------+----------+-------------------------------------------
     0 | D:1      | MisterFreud the Octopode Venom Mage began the quest for the
                  | Orb.
     0 | D:1      | Reached XP level 1. HP: 11/11 MP: 3/3
    81 | D:1      | Reached skill level 4 in Poison Magic
   351 | D:1      | Reached XP level 2. HP: 17/17 MP: 3/5
   425 | D:1      | Found a faded altar of an unknown god.
   569 | D:1      | Became a worshipper of Sif Muna the Loreminder
   569 | D:1      | Reached * piety under Sif Muna
  1291 | D:2      | Found a glowing golden altar of the Shining One.
  1361 | D:2      | Reached skill level 5 in Poison Magic
  1361 | D:2      | Reached XP level 3. HP: 12/21 MP: 3/6
  2085 | D:2      | Found Meriax's Armour Shoppe.
  2126 | D:2      | Reached XP level 4. HP: 23/27 MP: 0/8
  2548 | D:2      | Mangled by a gnoll

Illustrated notes

Levels and vault maps discovered:
D:1:      tarquinn_simple_flora_water_e, layout_loops_ring,
          shapermc_ecumenical_altar_ellora
D:2:      layout_basic, basic_altar, serial_shops, shop, st_stairs_2

Skill      XL: |  1  2  3 |
---------------+----------+-----
Poison Magic   | 4 5 |  5.0
Spellcasting   | 3 |  3.1
Dodging        | |  2.0
Stealth        | |  2.6
Transmutations | |  1.0

Action                   |  1- 3 |  4- 6 || total
-------------------------+-------+-------++-------
Melee: Unarmed           |     9 |       ||     9
       Tentacles         |     9 |     1 ||    10
       Constrict         |     7 |     3 ||    10
       Short sword       |    32 |     5 ||    37
 Cast: Sting             |    36 |     4 ||    40
Armor: Skin              |     3 |     1 ||     4
Dodge: Dodged            |    28 |     1 ||    29
